 Dungeon Crawl Stone Soup version 0.29-a0-322-g68df515428 (webtiles) character file.

Game seed: 17319196831489160063

214 ImHallYall the Chopper (level 5, -12/45 HPs)
             Began as a Demigod Fighter on Apr 6, 2022.
             Killed by divine providence
             ... invoked by an orc priest
              (13 damage)
             ... on level 5 of the Dungeon.
             The game lasted 00:13:16 (1872 turns).

ImHallYall the Chopper (Demigod Fighter)            Turns: 1872, Time: 00:13:17

Health: -12/45     AC: 12    Str: 17    XL:     5   Next: 33%
Magic:  7/7        EV:  9    Int: 10    God:
Gold:   176        SH:  5    Dex: 17    Spells: 4/4 levels left

rFire   . . .      SeeInvis .   a - +0 war axe
rCold   . . .      Faith    .   w - orb {light}
rNeg    . . .      Spirit   .   b - +1 scale mail
rPois   .          Reflect  +   (no helmet)
rElec   .          Harm     .   (no cloak)
rCorr   .          Rampage  .   (no gloves)
Will    .....                   g - +0 pair of boots
Stlth   ..........              m - amulet of reflection
HPRegen 0.15/turn               e - +4 ring of protection
MPRegen 0.10/turn               (no ring)

@: glowing
A: high MP 1, forlorn, divine attributes
a: no special abilities


You were on level 5 of the Dungeon.
You visited 1 branch of the dungeon, and saw 4 of its levels.

You collected 176 gold pieces.

Inventory:

Hand Weapons
 a - a +0 war axe (weapon)
 h - a +0 club
 q - a +0 club
 r - a +0 dagger
 s - a +0 scimitar
 x - a +0 falchion
 D - a +0 halberd
Missiles
 l - 3 atropa-tipped darts (quivered)
 y - 3 boomerangs
Armour
 b - a +1 scale mail (worn)
 c - a +0 buckler
 g - a +0 pair of boots (worn)
 w - an orb of light (worn)
 z - a +0 pair of gloves
Jewellery
 e - a +4 ring of protection (left hand)
 j - a ring of protection from fire
 m - an amulet of reflection (around neck)
Wands
 f - a wand of acid (13)
Scrolls
 i - 2 scrolls of identify
 p - a scroll of fear {unknown}
 t - a scroll of vulnerability
 B - 2 scrolls of immolation {unknown}
Potions
 d - 2 potions of might
 k - 2 potions of heal wounds {unknown}
 n - a potion of invisibility {unknown}
 o - a potion of degeneration {unknown}
 u - a potion of resistance {unknown}
 v - 2 potions of attraction {unknown}
 C - a potion of flight {unknown}


   Skills:
 + Level 3.4 Fighting
 + Level 1.3 Long Blades
 + Level 3.7 Axes
 + Level 3.1 Armour
 + Level 0.8 Dodging
 + Level 3.2 Shields


You had 4 spell levels left.
You didn't know any spells.
Your spell library contained the following spells:

 Spells                   Type           Power      Damage    Failure   Level
 Magic Dart               Conj           0%         1d3       77%         1
 Searing Ray              Conj           0%         2d4       88%         2
 Fulminant Prism          Conj/Hex       0%         3d6       100%        4


Dungeon Overview and Level Annotations

Branches:
Dungeon (5/15)
 Temple: D:4-7

Annotations:
D:4 Eustachio


Innate Abilities, Weirdness & Mutations

You have an increased reservoir of magic. (+10% MP)
You shall have no god before yourself.
Your divine heritage dramatically boosts your attributes as you level up.


Message History

Things that are here:
a +0 halberd; a gnoll skeleton
D - a +0 halberd You see here a +0 whip.
There is a stone staircase leading down here.
You climb downwards.
The orc shouts!
The orc priest shouts!
Found a scroll labelled LEGRYEM TAXO.
There is a stone staircase leading up here.
Found 16 gold pieces.
The orc priest attacks as you move away!
You block the orc priest's attack.
The orc priest calls down the wrath of Beogh upon you.
Beogh smites you!
The orc priest casts a cantrip, but nothing happens.
Okay, then.
Blink to where?
Press: ? - help, Dir - move target
As you read the scroll labelled HIGOIF JEHOU, it crumbles to dust.
It was a scroll of blinking.
The orc priest mumbles some strange prayers to Beogh against you.
Beogh smites you!
An iguana comes into view.
The iguana hisses angrily.
The iguana bites you!
* * * LOW HITPOINT WARNING * * *
You hit the iguana.
The iguana is moderately wounded.
The iguana bites you but does no damage.
The iguana bites you.
* * * LOW HITPOINT WARNING * * *
The iguana bites you but does no damage.
The iguana bites you!
* * * LOW HITPOINT WARNING * * *
The iguana attacks as you move away! The iguana closely misses you.
An orc comes into view. It is wielding a +0 hand axe.
The orc shouts!
The orc priest mumbles some strange prayers to Beogh against you.
Beogh smites you!
You die...

#≈## ##≈≈# #...+
#.≈≈ # #.≈###### #
###.###.≈##≈≈≈##≈#
........≈≈≈≈≈≈≈≈≈#
.......@lo.......#
o.........o..###.#
#..##.#######o#
##.##.#### #.#
#........# #.#
.......§.####o#
#.###.#..o....#
..$##.#oo######
#........#


You could see an orc warrior, an iguana, an orc priest and 2 orcs.

Vanquished Creatures
  A hound (D:4)
  2 iguanas (D:4)
  Robin (D:2)
  4 gnolls (D:4)
  2 adders (D:4)
  2 dart slugs (D:1)
  3 orcs (D:4)
  2 ball pythons
  6 bats
  2 endoplasms (D:1)
  A giant cockroach (D:1)
  13 goblins
  6 hobgoblins
  3 quokkas
  2 frilled lizards (D:1)
  4 kobolds
  6 rats
60 creatures vanquished.

Vanquished Creatures (others)
  49 plants
49 creatures vanquished.

Grand Total: 109 creatures vanquished

Notes
Turn   | Place    | Note
-------+----------+-------------------------------------------
     0 | D:1      | ImHallYall the Demigod Fighter began the quest for the Orb.
     0 | D:1      | Reached XP level 1. HP: 18/18 MP: 3/3
   157 | D:1      | Reached XP level 2. HP: 26/26 MP: 4/4
   412 | D:1      | Reached XP level 3. HP: 27/31 MP: 5/5
   789 | D:2      | Noticed Robin
   798 | D:2      | Killed Robin
  1057 | D:2      | You fall into a shaft and drop 2 floors!
  1274 | D:4      | Reached XP level 4. HP: 34/38 MP: 6/6
  1366 | D:4      | Noticed Eustachio
  1530 | D:4      | Reached XP level 5. HP: 28/45 MP: 7/7
  1825 | D:4      | Reached skill level 1 in Long Blades
  1854 | D:5      | Entered Level 5 of the Dungeon
  1854 | D:5      | Noticed an orc warrior
  1869 | D:5      | HP: 1/45 [iguana (8)]
  1872 | D:5      | Killed from afar by an orc priest

Illustrated notes

Levels and vault maps discovered:
D:1:      roderic_crop_circles_arrival_small, layout_rooms,
          hellmonk_ecumenical_altar_lost_god, minmay_hexomino_c4
D:2:      layout_basic, kennysheep_another_room, small_statue_intersection,
          minmay_goblin_outpost, uniq_robin
D:4:      layout_gridville, temple_fountains, serial_bayou,
          serial_bayou_lagoon_a, serial_bayou_shore_b, serial_bayou_pond_b,
          serial_bayou_lagoon_b, serial_bayou_crossing, serial_bayou_pond_a,
          uniq_eustachio
D:5:      layout_loops_ring, nzn_wu_jian_contemplation, lightli_minifort,
          uniq_prince_ribbit1

Skill      XL: |  1  2  3  4  5 |
---------------+----------------+-----
Fighting       | 3 |  3.4
Axes           | 2 3 |  3.7
Armour         | 3 |  3.1
Shields        | 3 |  3.2
Long Blades    | 1 |  1.3
Dodging        | |  0.8

Action                   |  1- 3 |  4- 6 || total
-------------------------+-------+-------++-------
Melee: War axe           |    95 |    28 ||   123
       Scimitar          |    22 |       ||    22
  Use: Scroll            |     3 |     2 ||     5
       Potion            |     1 |       ||     1
Armor: Scale mail        |    90 |    19 ||   109
Dodge: Dodged            |    59 |    22 ||    81
Block: Buckler           |    56 |     5 ||    61
       Orb               |       |     2 ||     2

Table legend: (Time is in decaauts)
 A = Elapsed time spent in this place.
 B = Non-inter-level travel time spent in this place.
 C = Inter-level travel time spent in this place.
 D = Time resting spent in this place.
 E = Time spent auto-exploring this place.
 F = Levels seen in this place.
 G = Mean time per level.
                   A        B        C        D        E       F      G
               +--------+--------+--------+--------+--------+-----+--------+
         Total |   1954 |   1954 |      0 |    609 |     32 |   4 |  488.5 |
       Dungeon |   1954 |   1954 |      0 |    609 |     32 |   4 |  488.5 |
               +--------+--------+--------+--------+--------+-----+--------+

Top non-repeatable levels by time:
     D:4: 839 daAuts
     D:1: 750 daAuts
     D:2: 345 daAuts
     D:5: 18 daAuts
